Map: Orbital Shipyard

Players

Wauffle - Winner!

  • Race: Terran Terran
  • League: Platinum

LilDicky

  • Race: Terran Terran
  • League: Diamond

VOD

http://www.twitch.tv/tumescentpie

Description

Time

  • Played on: Nov. 24, 2015, 4:29 p.m.
  • Length: 15:55
Show
View Real Time Build Order
Export as new Build Order

Wauffle Terran - Winner!

Build Orders: Liberator Opening, Bio Tank, MMM Bio 

Get SALT Encoding   

  12  0:00  SCV  
  13  0:13  SCV  
  14  0:20  Supply Depot  
  14  0:25  SCV  
  15  0:30  Refinery  
  15  0:41  SCV  
  16  0:46  Barracks  
  16  0:54  SCV  
  17  1:06  SCV  
  18  1:18  SCV  
  19  1:33  Orbital Command  
  19  1:34  Marine  
  20  1:46  Command Center  
  20  1:51  Marine  
  21  2:00  SCV  
  22  2:09  Marine  
  22  2:12  SCV  
  23  2:18  Supply Depot  
  23  2:22  Factory  
  23  2:39  Marine  
  23  2:40  SCV  
  25  2:48  Refinery  
  25  2:51  Barracks  
  25  2:52  SCV  
  25  2:54  Supply Depot  
  26  2:58  Orbital Command  
  26  3:04  SCV  
  27  3:10  Factory Tech Lab  
  27  3:17  SCV, Starport, Barracks Reactor  
  28  3:26  SCV  
  28  3:29  SCV  
  29  3:38  SCV, Siege Tank  
  33  3:44  Liberator  
  33  3:46  Barracks Tech Lab  
  33  3:54  SCV  
  33  3:55  SCV  
  35  4:02  Marine x2  
  39  4:06  SCV  
  39  4:07  SCV  
  42  4:15  Stimpack, Marine  
  43  4:20  SCV  
  43  4:21  SCV, Barracks  
  45  4:32  SCV, Marine  
  45  4:33  SCV  
  48  4:40  Marine x2  
  48  4:44  Starport Reactor  
  48  4:45  SCV  
  51  4:46  SCV  
  52  4:54  Marauder  
  52  4:55  Command Center  
  54  5:05  Supply Depot  
  54  5:07  Supply Depot  
  54  5:27  SCV x2, Siege Tank, Marine x2  
  61  5:34  Medivac  
  61  5:35  Medivac  
  65  5:36  Marine  
  66  5:44  Marine x2  
  66  5:53  Marine  
  60  6:06  Marine x3  
  60  6:08  Siege Tank  
  60  6:10  Orbital Command  
  66  6:11  Marine  
  66  6:15  Barracks  
  66  6:18  Barracks  
  67  6:28  Engineering Bay  
  67  6:29  SCV  
  67  6:30  Engineering Bay  
  68  6:33  SCV, Refinery  
  68  6:34  Refinery  
  68  6:36  Marine x2  
  68  6:38  Barracks Reactor, Marauder  
  73  6:41  SCV  
  73  6:45  SCV  
  74  6:53  SCV  
  75  6:58  SCV, Marine x2  
  75  6:59  Marine  
  75  7:01  Orbital Command  
  79  7:05  Barracks Reactor  
  79  7:13  Barracks Reactor  
  79  7:16  Marine  
  80  7:23  Supply Depot x2  
  80  7:25  Terran Infantry Weapons Level 1, Supply Depot, Terran Infantry Armor Level 1  
  80  7:27  Liberator  
  80  7:28  Missile Turret  
  80  7:29  SCV  
  81  7:34  SCV  
  82  7:37  SCV  
  82  7:38  Marine x2  
  85  7:44  SCV, Siege Tank, Marine x2  
  85  7:45  Marauder  
  85  7:46  SCV  
  85  7:50  SCV  
  98  7:53  Missile Turret  
  98  7:56  SCV  
  98  7:58  SCV  
  100  8:00  Marine  
  100  8:01  Marine  
  100  8:04  Supply Depot  
  101  8:06  Marauder  
  100  8:30  Marine x2  
  100  8:31  Marine x6  
  108  8:37  Armory  
  108  8:38  SCV x2  
  108  8:39  SCV  
  111  8:44  Missile Turret x2  
  111  8:49  Siege Tank  
  111  8:50  SCV x2  
  116  8:59  Marine  
  117  9:09  Supply Depot  
  117  9:13  Supply Depot  
  117  9:14  Supply Depot  
  117  9:29  Terran Infantry Weapons Level 2, Terran Infantry Armor Level 2  
  117  9:30  Medivac x2, Marine x3  
  117  9:31  SCV  
  125  9:32  Supply Depot  
  125  9:34  Supply Depot, SCV x2, Marine x4  
  125  9:35  Siege Tank  
  125  9:36  Supply Depot x2  
  125  9:37  Supply Depot  
  134  9:42  Command Center  
  134  9:47  SCV  
  134  9:52  Marine x3  
  137  9:53  Combat Shields, Marauder  
  137  9:54  Starport  
  137  9:55  Marine x5  
  137  9:56  Supply Depot  
  145  10:00  Supply Depot  
  137  10:10  Marine x2  
  139  10:16  Medivac x2  
  143  10:30  Marine  
  143  10:31  Starport Reactor, Marine x7  
  151  10:37  Refinery  
  151  10:39  Refinery  
  148  10:46  Medivac x2  
  140  11:21  Marine  
  140  11:22  Marine x8  
  140  11:24  Siege Tank  
  148  11:39  Marine  
  149  11:40  Marauder, Marine x3  
  152  11:47  Planetary Fortress  
  144  11:57  Siege Tank  
  144  11:59  Marine x6  
  144  12:00  Marine x2  
  125  12:01  Marine  
  125  12:08  Factory  
  125  12:14  Viking x2  
  129  12:15  Viking x2  
  129  12:17  Marine x5  
  129  12:19  Marine x3  
  129  12:20  Marauder  
  129  12:21  Terran Infantry Weapons Level 3  
  137  12:29  Siege Tank  
  135  12:34  Marine x2  
  135  12:36  SCV  
  134  12:37  SCV x3  
  134  12:43  Marine x7  
  144  12:48  SCV, Viking x3  
  149  12:57  Marine  
  149  12:58  Missile Turret, Marine  
  151  13:01  Siege Tank  
  150  13:15  Medivac  
  150  13:16  Marine  
  150  13:17  Marine x3  
  150  13:18  Medivac x2  
  160  13:21  Refinery, Missile Turret  
  160  13:23  Refinery  
  160  13:29  Marine x3  
  160  13:30  Marine x2  
  160  13:33  Siege Tank  
  168  13:34  Factory Tech Lab  
  168  13:38  Command Center  
  164  13:48  Marauder  
  160  14:01  Marine x8  
  167  14:09  Marauder  
  166  14:11  SCV  
  166  14:12  SCV x2  
  167  14:18  Marine, Medivac x4  
  167  14:19  Marine x6  
  181  14:26  Marine  
  181  14:30  Marine  
  183  14:31  Siege Tank x2  
  189  14:40  SCV  
  189  14:52  SCV  
  190  14:58  SCV x2  
  192  15:03  Siege Tank  
  192  15:04  SCV  
  141  15:15  Marine x6  
  141  15:16  Marine x3  
  143  15:30  SCV  
  143  15:31  SCV x3  
  143  15:33  Marine x3  
  150  15:42  SCV  
  154  15:43  SCV x2  
Show
View Real Time Build Order
Export as new Build Order

LilDicky Terran 

Build Orders: Reaper Expand 

Get SALT Encoding   

  12  0:01  SCV  
  13  0:13  SCV  
  14  0:18  Supply Depot  
  14  0:25  SCV  
  15  0:38  Refinery  
  15  0:40  SCV  
  16  0:45  Barracks  
  16  0:52  SCV  
  18  1:04  SCV  
  18  1:16  SCV  
  19  1:31  Reaper  
  19  1:32  Orbital Command  
  20  1:48  Command Center  
  20  2:00  Refinery  
  20  2:01  SCV, Supply Depot  
  20  2:03  Reaper  
  22  2:16  SCV  
  23  2:22  Factory  
  23  2:28  SCV  
  24  2:36  Marine  
  25  2:41  SCV  
  25  2:53  SCV  
  25  2:56  Marine  
  27  3:01  Orbital Command  
  27  3:03  Engineering Bay  
  27  3:05  SCV  
  28  3:09  Factory Tech Lab  
  28  3:12  Starport  
  28  3:14  Marine  
  28  3:17  SCV  
  28  3:18  Supply Depot  
  30  3:29  SCV  
  30  3:31  SCV  
  32  3:47  SCV x2  
  34  3:59  SCV, Missile Turret  
  34  4:00  Missile Turret  
  35  4:06  SCV  
  35  4:08  Marine  
  37  4:10  Banshee, Cloaking Field  
  37  4:11  Widow Mine  
  37  4:14  SCV  
  43  4:17  Command Center  
  43  4:18  SCV  
  44  4:26  Marine  
  45  4:35  SCV x2  
  46  4:40  Widow Mine  
  46  4:44  Marine  
  49  4:52  SCV x2  
  51  4:57  Banshee  
  54  5:04  Refinery  
  54  5:06  Terran Infantry Weapons Level 1, Refinery  
  54  5:07  Supply Depot  
  54  5:09  Supply Depot  
  54  5:14  Command Center  
  54  5:20  SCV  
  54  5:22  SCV  
  54  5:23  Widow Mine  
  52  5:35  SCV  
  52  5:39  Missile Turret  
  52  5:40  SCV  
  52  5:41  Orbital Command  
  53  5:52  Widow Mine  
  52  6:04  Banshee  
  52  6:09  Missile Turret  
  55  6:11  Marine  
  55  6:16  Orbital Command  
  56  6:18  Starport  
  56  6:19  Starport  
  56  6:20  SCV x2, Starport  
  58  6:29  Orbital Command  
  58  6:30  Refinery  
  58  6:32  SCV x2  
  60  6:33  Factory Reactor  
  60  6:38  Refinery  
  60  6:44  Marine  
  60  6:45  SCV  
  57  6:58  SCV x3  
  57  6:59  SCV  
  61  7:06  Starport Tech Lab x2  
  63  7:08  Starport Tech Lab  
  63  7:10  SCV x2  
  63  7:11  SCV  
  63  7:13  Marine  
  64  7:17  SCV  
  64  7:18  Banshee  
  64  7:21  Hellion  
  64  7:22  SCV x2, Hellion  
  74  7:23  SCV  
  74  7:29  SCV  
  76  7:30  Marine  
  76  7:34  SCV x2  
  76  7:35  SCV  
  80  7:48  Viking x2  
  85  7:57  Banshee  
  87  8:01  Banshee  
  90  8:08  Barracks Reactor  
  90  8:16  SCV x2  
  90  8:17  SCV  
  90  8:35  Hellion x2  
  90  8:39  Banshee x2  
  100  8:41  Corvid Reactor  
  100  8:51  Banshee  
  100  8:53  Command Center  
  100  8:54  SCV  
  104  8:57  Supply Depot  
  104  8:58  Hellion x2  
  108  9:04  Factory x2  
  108  9:05  Factory  
  108  9:06  Armory  
  108  9:08  Hi-Sec Auto Tracking  
  108  9:12  Missile Turret  
  108  9:13  Missile Turret x2  
  108  9:17  Liberator x2  
  108  9:19  Missile Turret  
  108  9:30  Missile Turret  
  108  9:35  Viking x3  
  108  9:37  Sensor Tower  
  120  9:46  Armory  
  120  9:48  Hellion x2  
  120  9:49  Factory Tech Lab  
  120  9:50  Factory Tech Lab  
  120  9:52  Factory Reactor x2  
  124  10:00  Liberator x2  
  124  10:05  Banshee x2, Viking  
  124  10:10  Hellion x2  
  124  10:12  Planetary Fortress  
  125  10:16  SCV x2  
  133  10:29  Terran Vehicle And Ship Armor Level 1  
  133  10:30  Fusion Core  
  133  10:31  Hellion, Liberator  
  133  10:34  Terran Ship Weapons Level 1  
  133  10:35  Banshee  
  138  10:48  Banshee  
  132  11:00  Viking  
  132  11:02  Hellion x4  
  139  11:09  Supply Depot  
  139  11:15  Supply Depot  
  139  11:18  Hellion  
  139  11:28  Hellion x2  
  139  11:30  Banshee  
  139  11:31  Hellion x2  
  146  11:36  Banshee  
  146  11:37  Hellion x2  
  129  12:13  Infernal Pre-Igniter  
  129  12:17  Hyperflight Rotors  
  129  12:19  Advanced Ballistics  
  129  12:20  High Capacity Fuel Tanks  
  129  12:22  Stimpack  
  129  12:23  Marine  
  78  12:40  Banshee x3  
  78  12:41  Viking x2  
  78  12:43  Hellion x2  
  78  12:44  Hellion x5  
  105  12:47  SCV, Refinery  
  105  12:48  SCV  
  104  13:05  Hellion x6  
  115  13:06  Hellion  
  115  13:11  Viking x2  
  119  13:17  Explosive Shrapnel Shells  
  119  13:23  Banshee x3  
  119  13:26  Hellion x4, Refinery  
  119  13:27  Hellion  
  138  13:30  Missile Turret  
  138  13:32  Drilling Claws  
  138  13:35  Hellion  
  138  13:36  Hellion  
  138  13:41  Viking x2  
  133  13:57  Hellion x5  
  133  13:58  Hellion  
  145  14:11  Hellion  
  147  14:18  Hellion x2  
  147  14:21  Hellion x3  
  155  14:30  Supply Depot  
  155  14:32  Supply Depot  
  155  14:33  Supply Depot  
  155  14:34  Supply Depot  
  155  14:37  Hellion x2  
  159  14:39  Hellion  
  159  14:40  Hellion  
  159  14:41  Widow Mine x3  
  169  14:46  Banshee  
  169  14:51  Banshee x2  
  176  14:57  Widow Mine  
  118  15:11  Hellion  
  118  15:12  Hellion x5  
  89  15:27  Hellion  
  88  15:33  Hellion x4  
Tags
 
Add a new tag
Caveats
  • Supply blocks, unpowered buildings, or Contaminate may cause inaccurate times.
  • Supply counts are checked every 10 seconds.